AoeStats
← VLC | DafeKhan

Arena

508754513Analyzed
4v4 RM · 9d ago on Sep 23, 2026· 57m 22s· 8 players
Game mode
Random Map
Map size
Large (8 player)
Population
200
Speed
Normal
Resources
Standard
Victory
Conquest
Starting age
Dark Age
Ending age
Imperial Age
RankedLock teamsTeams togetherTeam positionsShared explorationLock speedFull tech treeHidden civsTurbo modeCheats
Victory
Defeat
🇨🇴 Persians · Colombia
1575
+15
🇨🇴 Poles · Colombia
1559
+16
🇨🇴 Magyars · Colombia
1524
+17
🇨🇴 Khitans · Colombia
1439
+21
🇨🇳 Burgundians · China
1586
-19
🇳🇱 Japanese · Netherlands
1576
-18
🇺🇸 Muisca · United States
1529
-16
🇺🇸 Bulgarians · United States
1529
-16
买女孩的小火柴
10:45 Feudal Age
14:26 Castle Age
12:16 Double-Bit Axe
12:15 Horse Collar
12:55 Loom
19:40 Gold Mining
22:21 Wheelbarrow
23:31 Bow Saw
23:23 Heavy Plow
24:30 Sanctity
24:34 Loom
25:04 Hand Cart
24:54 Town Watch
25:25 Stone Mining
29:48 Imperial Age
27:49 Scale Mail Armor
27:59 Forging
28:19 Squires
29:21 Chain Mail Armor
30:04 Iron Casting
31:46 Plate Mail Armor
32:01 Elite Temple Guard
33:22 Capped Ram
35:27 Champi Runner
36:48 Champi Warrior
38:42 Hoardings
37:49 Elite Champi Warrior
41:20 Herbalism
48:07 Fletching
50:00 Hoardings
52:52 Pikeman
56:21 Bodkin Arrow
Mis
10:28 Feudal Age
10:51 Loom
12:15 Fletching
14:16 Double-Bit Axe
18:33 Castle Age
16:25 Horse Collar
28:58 Bow Saw
31:32 Wheelbarrow
33:06 Hand Cart
37:44 Imperial Age
36:09 Masonry
37:53 Ballistics
37:45 Heavy Scorpion
37:50 Capped Ram
39:51 Architecture
39:07 Siege Ram
41:26 Chemistry
41:55 Scale Barding Armor
43:00 Bodkin Arrow
45:13 Chain Barding Armor
46:37 Onager
47:27 Siege Engineers
48:20 Bracer
53:39 Plate Barding Armor
53:04 Light Cavalry
53:54 Bloodlines
53:46 Husbandry
54:01 Forging
54:22 Hussar
56:14 Iron Casting
56:05 Caravan
tim.13
6:29 Double-Bit Axe
10:33 Feudal Age
9:05 Horse Collar
15:06 Castle Age
13:57 Bow Saw
16:29 Wheelbarrow
17:07 Two-Man Saw
24:03 Gold Mining
25:19 Gold Shaft Mining
26:27 Stone Mining
29:29 Imperial Age
28:17 Forging
28:08 Scale Mail Armor
27:59 Light Cavalry
28:58 Fortified Wall
29:09 Ballistics
28:36 Elite Skirmisher
29:08 Fletching
29:50 Loom
30:21 Hand Cart
29:52 Town Watch
30:08 Bodkin Arrow
31:15 Chemistry
30:59 Bracer
31:00 Padded Archer Armor
32:09 Conscription
32:23 Burgundian Vineyards
31:42 Elite Coustillier
32:53 Leather Archer Armor
32:43 Scale Barding Armor
33:14 Iron Casting
33:19 Scale Barding Armor
33:18 Husbandry
32:41 Elite Coustillier
34:45 Chain Barding Armor
35:01 Iron Casting
34:40 Heavy Plow
35:53 Plate Barding Armor
36:58 Blast Furnace
37:14 Caravan
38:53 Masonry
Mandrake
11:04 Feudal Age
12:59 Double-Bit Axe
12:55 Horse Collar
15:27 Castle Age
16:28 Bow Saw
16:19 Heavy Plow
18:44 Wheelbarrow
21:12 Gold Mining
21:43 Stone Mining
22:51 Hand Cart
22:23 Loom
23:26 Town Watch
27:29 Imperial Age
25:20 Scale Mail Armor
25:31 Forging
26:07 Chain Mail Armor
25:29 Pikeman
26:10 Squires
27:21 Iron Casting
26:58 Fletching
27:40 Capped Ram
27:54 Halberdier
28:51 Bodkin Arrow
30:15 Plate Mail Armor
31:00 Ballistics
31:41 Chemistry
31:43 Guard Tower
32:05 Heavy Scorpion
33:10 Conscription
32:58 Bracer
33:59 Blast Furnace
34:49 Masonry
35:00 Siege Engineers
35:06 Masonry
36:52 Kataparuto
39:53 Two-Man Saw
38:37 Treadmill Crane
38:53 Murder Holes
43:31 Yasama
45:31 Caravan
50:30 Keep
49:44 Arrowslits
51:16 Gambesons
53:51 Scale Barding Armor
53:46 Padded Archer Armor
56:56 Chain Barding Armor
VLC | BacTi
7:21 Loom
9:30 Feudal Age
10:40 Double-Bit Axe
11:32 Fletching
12:47 Horse Collar
21:07 Castle Age
21:56 Castle Age
20:35 Wheelbarrow
20:44 Stone Mining
24:17 Bow Saw
26:43 Hand Cart
27:32 Bodkin Arrow
31:17 Imperial Age
29:24 Crossbowman
32:13 Bracer
33:17 Chemistry
33:50 Thumb Ring
34:46 Arbalester
36:06 Ballistics
38:03 Conscription
41:41 Padded Archer Armor
43:41 Scale Mail Armor
44:14 Forging
45:02 Heavy Plow
46:01 Chain Mail Armor
45:52 Scale Barding Armor
47:08 Bloodlines
46:58 Husbandry
47:06 Szlachta Privileges
46:26 Cavalier
48:04 Caravan
49:04 Chain Barding Armor
49:20 Iron Casting
54:15 Blast Furnace
54:33 Light Cavalry
56:53 Town Watch
VLC | DafeKhan
10:45 Feudal Age
14:27 Castle Age
12:45 Double-Bit Axe
12:40 Horse Collar
15:33 Bow Saw
22:14 Wheelbarrow
22:05 Heavy Plow
24:44 Hand Cart
27:40 Imperial Age
26:21 Fletching
27:06 Bodkin Arrow
27:12 Padded Archer Armor
28:24 Bracer
29:28 Chemistry
28:57 Bloodlines
29:29 Recurve Bow
30:01 Leather Archer Armor
30:18 Heavy Cavalry Archer
32:22 Ring Archer Armor
32:23 Parthian Tactics
33:24 Thumb Ring
35:01 Conscription
35:17 Hoardings
43:48 Siege Engineers
44:09 Ballistics
43:58 Siege Engineers
48:22 Coinage
49:56 Masonry
54:39 Scale Barding Armor
55:59 Chain Barding Armor
55:40 Husbandry
56:05 Light Cavalry
VLC | Tithen
10:52 Feudal Age
11:38 Horse Collar
11:45 Double-Bit Axe
14:23 Castle Age
13:42 Gold Mining
15:20 Loom
16:07 Bow Saw
16:29 Heavy Plow
16:43 Town Watch
22:38 Wheelbarrow
27:53 Imperial Age
26:36 Hand Cart
26:22 Town Patrol
26:43 Scale Barding Armor
27:50 Chain Barding Armor
27:41 Forging
28:20 Bloodlines
28:10 Husbandry
29:17 Chemistry
28:08 Cavalier
30:31 Plate Barding Armor
32:40 Conscription
33:04 Masonry
35:23 Iron Casting
34:52 Savar
36:07 Savar
40:26 Blast Furnace
40:31 Light Cavalry
47:04 Thumb Ring
48:42 Padded Archer Armor
51:56 Caravan
54:48 Fletching
VLC | GreenIsland
10:47 Feudal Age
14:41 Castle Age
12:33 Double-Bit Axe
15:08 Forging
15:25 Scale Barding Armor
16:17 Loom
22:18 Iron Casting
27:02 Bow Saw
26:34 Domestication
32:47 Imperial Age
30:31 Pastoralism
31:15 Husbandry
31:56 Chain Barding Armor
31:25 Light Cavalry
32:46 Wheelbarrow
32:15 Treadmill Crane
33:44 Elite Steppe Lancer
37:34 Plate Barding Armor
38:21 Hand Cart
39:12 Capped Ram
43:15 Hussar
47:22 Lamellar Armor
47:38 Conscription
47:27 Scale Mail Armor
46:54 Elite Liao Dao
48:39 Chain Mail Armor
47:54 Siege Ram
50:09 Fletching
54:15 Plate Mail Armor
54:41 Bodkin Arrow
Connection lost

Rejoining the realm…

Still unreachable

The connection could not be restored.

Session expired

The server has moved on; the page needs a fresh start.